 Dungeon Crawl Stone Soup version 0.23-a0-296-ga3b1b28 (webtiles) character file.

20 iamserjio the Caller (level 2, 0/18 HPs)
             Began as an Octopode Summoner on Oct 5, 2018.
             Slain by a quokka (2 damage)
             ... on level 3 of the Dungeon.
             The game lasted 00:03:07 (465 turns).

iamserjio the Caller (Octopode Summoner)             Turns: 465, Time: 00:03:08

Health: 0/18       AC:  1    Str:  7    XL:     2   Next: 79%
Magic:  4/5        EV: 13    Int: 17    God:
Gold:   39         SH:  0    Dex: 12    Spells: 4/5 levels left

rFire    . . .     SeeInvis .     - Unarmed
rCold    . . .     Gourm    .   (no shield)
rNeg     . . .     Faith    .   (helmet restricted)
rPois    .         Spirit   .   (no amulet)
rElec    .         Reflect  .   (no ring)
rCorr    .         Harm     .   (no ring)
MR       .....                  (no ring)
Stlth    +++.......             (no ring)
HPRegen  0.06/turn              (no ring)
MPRegen  0.09/turn              (no ring)
                                (no ring)
                                (no ring)

@: no status effects
A: almost no armour, stealthy swim, amphibious, 8 rings, constrict 8, camouflage
1, gelatinous body 1
a: no special abilities


You were on level 3 of the Dungeon.
You were not hungry.

You visited 1 branch of the dungeon, and saw 3 of its levels.

You collected 39 gold pieces.

Inventory:

Hand Weapons
 d - a +0 trident
 h - a +5 short sword
Scrolls
 a - a scroll of identify {unknown}
 f - a scroll of teleportation {unknown}
Potions
 c - a potion of heal wounds {unknown}
 e - a potion of cancellation {unknown}
 g - 2 potions of berserk rage {unknown}
 i - a potion of invisibility {unknown}
Comestibles
 b - 4 rations


   Skills:
 + Level 1.1 Fighting
 + Level 2.4 Dodging
 - Level 2.6 Stealth
 + Level 1.1 Unarmed Combat
 - Level 2.0 Spellcasting
 - Level 4.0 Summonings


You had 4 spell levels left.
You knew the following spells:

 Your Spells              Type           Power        Failure   Level  Hunger
a - Summon Small Mammal   Summ           ###.         3%          1    #......

Your spell library contained the following spells:

 Spells                   Type           Power        Failure   Level  Hunger
 Call Imp                 Summ           ###.....     5%          2    ###....
 Call Canine Familiar     Summ           ###.....     11%         3    ###....
 Summon Guardian Golem    Hex/Summ       #.......     26%         3    ###....
 Summon Ice Beast         Ice/Summ       #.......     63%         4    #####..
 Summon Lightning Spire   Summ/Air       #.......     63%         4    #####..


Dungeon Overview and Level Annotations

Branches:
Dungeon (3/15)

Altars:
Fedhas


Innate Abilities, Weirdness & Mutations

You cannot wear most types of armour.
You are very stealthy in the water. (Stealth+)
You are amphibious.
You can wear up to eight rings at the same time.
You can use your tentacles to constrict eight enemies at once.
Your skin changes colour to match your surroundings (Stealth+).
Your rubbery body absorbs attacks. (AC +1, EV +1)


Message History

You see here a leopard gecko corpse.
There is a stone staircase leading down here.
Okay, then.
Okay, then.
You climb downwards.
There is a stone staircase leading up here.
Found a ration.
Found 22 stones.
A quokka comes into view.
You see here a ration.
b - 4 rations (gained 1)
Casting: Summon Small Mammal (safe; 3% risk of failure)
You closely miss the quokka. Your grab misses the quokka. The quokka bites you.
You closely miss the quokka. Your grab misses the quokka.
Your bat hits the quokka but does no damage.
The quokka bites you.
* * * LOW HITPOINT WARNING * * *
Your bat closely misses the quokka.
Your bat hits the quokka. The quokka bites you.
You die...

#.#####.###.#
............#
...#.##.#####
#..#....# #
#.......# #.
#..#........
#..##..#.#######
#............
..##.###@#######
.......r......#
.#####b..####.#
#(..#.# #.###.#
#+ #+#


You could see a quokka and a friendly bat.

Vanquished Creatures
  An adder (D:2)
  A leopard gecko (D:2)
  A bat (D:2)
  2 goblins (D:1)
  2 hobgoblins
  A ball python (D:2)
  A frilled lizard (D:1)
  A rat (D:1)
10 creatures vanquished.

Vanquished Creatures (collateral kills)
  A goblin (D:1)
  2 hobgoblins
3 creatures vanquished.

Grand Total: 13 creatures vanquished

Notes
Turn   | Place    | Note
-------+----------+-------------------------------------------
     0 | D:1      | iamserjio the Octopode Summoner began the quest for the
                  | Orb.
     0 | D:1      | Reached XP level 1. HP: 11/11 MP: 3/3
   302 | D:2      | Reached skill level 1 in Fighting
   302 | D:2      | Reached XP level 2. HP: 18/18 MP: 1/5
   347 | D:1      | Reached skill level 1 in Unarmed Combat
   376 | D:2      | Found a blossoming altar of Fedhas.
   465 | D:3      | Slain by a quokka

Vault maps used:
D:1:      dpeg_cavernosity, minivault_26
D:2:      fedhas_altar_3
D:3:      first_ration, uniq_ijyb

Skill      XL: |  1  2 |
---------------+-------+-----
Fighting       | 1 |  1.1
Unarmed Combat | 1 |  1.1
Dodging        | |  2.4
Stealth        | |  2.6
Spellcasting   | |  2.0
Summonings     | |  4.0

Action                   || total
-------------------------++-------
Melee: Unarmed           ||    35
       Constrict         ||    10
       Tentacles         ||     5
 Cast: Summon Small Mamm ||     7
 Stab: Sleeping          ||     3
Armor: Skin              ||     4
Dodge: Dodged            ||    20

Table legend:
 A = Non-vault XP
 B = Vault XP
 C = Vault XP percentage of total XP
 D = Non-vault monster count
 E = Vault monster count
 F = Vault count percentage of total count
                 A         B        C        D         E       F
            +---------+---------+-------+---------+---------+-------
      Total |      29 |       0 |   0.0 |      13 |       0 |   0.0
            +---------+---------+-------+---------+---------+-------
        D:1 |      10 |       0 |   0.0 |       7 |       0 |   0.0
        D:2 |      19 |       0 |   0.0 |       6 |       0 |   0.0
            +---------+---------+-------+---------+---------+-------
